 Dungeon Crawl Stone Soup version 0.31-a0-83-gbff143cfd1 (webtiles) character file.

Game seed: 1432724022095922511

2620 voltaire321 the Ducker (level 9, -6/69 HPs)
             Began as a Merfolk Venom Mage on May 25, 2023.
             Was an Initiate of Wu Jian.
             Mangled by Joseph
             ... wielding a +1 spectral quarterstaff
              (9 damage)
             ... on level 8 of the Dungeon.
             The game lasted 00:25:37 (6730 turns).

voltaire321 the Ducker (Merfolk Venom Mage)         Turns: 6730, Time: 00:25:38

Health: -6/69      AC:  6    Str: 12    XL:     9   Next: 60%
Magic:  17/17      EV: 21    Int: 14    God:    Wu Jian [......]
Gold:   291        SH:  0    Dex: 19    Spells: 14/19 levels left

rFire   . . .        l - +3 dagger of Demand {spect, *Rage Dex+4}
rCold   . . .        (no shield)
rNeg    . . .        v - +0 leather armour
rPois   .            n - +0 helmet
rElec   .            p - +1 cloak
rCorr   .            (no gloves)
SInv    .            (no boots)
Will    .....        o - amulet of regeneration
Stlth   ++           q - +5 ring of evasion
HPRegen 1.11/turn    f - ring of wizardry
MPRegen 0.15/turn

%: random rage (20%), wizardry (x1)
@: on berserk cooldown, slowed, very slow
A: (nimble swimmer 2), mertail
a: Renounce Religion


You were on level 8 of the Dungeon.
You worshipped Wu Jian.
Wu Jian was noncommittal.
You visited 2 branches of the dungeon, and saw 9 of its levels.

You collected 421 gold pieces.
You spent 130 gold pieces at shops.

Inventory:

Hand Weapons
 i - a +0 dagger of venom
 l - the +3 dagger of Demand (weapon) {spect, *Rage Dex+4}
   (You found it on level 5 of the Dungeon)

   Dex:       It affects your dexterity (+4).
   *Rage:     It berserks you when you make melee attacks (+20% chance).
 r - a +0 rapier
Armour
 n - a +0 helmet (worn)
 p - a +1 cloak (worn)
 v - a +0 leather armour (worn)
Magical Staves
 x - a staff of poison
Jewellery
 a - a ring of magical power
 f - a ring of wizardry (right hand)
 o - an amulet of regeneration (around neck)
 q - a +5 ring of evasion (left hand)
Wands
 m - a wand of quicksilver (8)
 t - a wand of flame (16)
Scrolls
 g - 2 scrolls of identify
 k - 2 scrolls of poison
 s - 2 scrolls of magic mapping
 w - a scroll of fog {unknown}
 y - a scroll of summoning
 z - a scroll of teleportation
Potions
 b - 2 potions of magic
 c - a potion of might
 e - 2 potions of resistance
 h - 4 potions of curing
 j - 2 potions of brilliance
 u - 2 potions of ambrosia


   Skills:
 + Level 6.0 Fighting
 + Level 4.1 Armour
 + Level 7.8 Dodging
 - Level 2.1 Stealth
 + Level 5.5 Spellcasting
 - Level 2.0 Transmutations
 + Level 7.0 Poison Magic


You had 14 spell levels left.
You knew the following spells:

 Your Spells              Type           Power      Damage    Failure   Level
a - Sting                 Tmut/Pois      56%        1d5       1%          1
b - Olgreb's Toxic Radia  Pois           23%        N/A       4%          4

Your spell library contained the following spells:

 Spells                   Type           Power      Damage    Failure   Level
 Poisonous Vapours        Pois/Air       22%        N/A       4%          2
 Spider Form              Tmut/Pois      14%        N/A       5%          3
 Magic Dart               Conj           12%        1d3       9%          1
 Summon Small Mammal      Summ           12%        N/A       9%          1
 Blink                    Tloc           6%         N/A       13%         2
 Call Imp                 Summ           6%         N/A       13%         2
 Mephitic Cloud           Conj/Pois/Air  7%         N/A       14%         3
 Ensorcelled Hibernation  Hex/Ice        2%         N/A       16%         2
 Call Canine Familiar     Summ           3%         N/A       26%         3
 Summon Guardian Golem    Hex/Summ       1%         N/A       32%         3
 Manifold Assault         Tloc           3%         N/A       61%         4
 Anguish                  Hex/Necr       0%         N/A       69%         4
 Storm Form               Tmut/Air       2%         N/A       100%        7


Dungeon Overview and Level Annotations

Branches:
Dungeon (8/15)             Temple (1/1) D:6
   Lair: D:8-11

Altars:
Ashenzari
Cheibriados
Elyvilon
Fedhas
Gozag
Hepliaklqana
Kikubaaqudgha
Makhleb
Nemelex Xobeh
Okawaru
Qazlal
Ru
Sif Muna
Trog
Uskayaw
Vehumet
Wu Jian
Xom
Yredelemnul
Zin
The Shining One
Lugonu

Shops:
D:4 !

Portals:
Abyss: D:6

Annotations:
D:3 Sigmund
D:8 Joseph


Innate Abilities, Weirdness & Mutations

((You are very nimble when in or above water. (Stealth+, EV+, Speed+++)))
Your lower body shifts to a powerful aquatic tail in water.


Message History

You hit Joseph but do no damage.
Joseph is lightly wounded.
Your +3 dagger of Demand {spect, *Rage Dex+4} hits Joseph.
Joseph completely misses you.
The +1 spectral quarterstaff misses you.
You hit Joseph.
Joseph is moderately wounded.
Your +3 dagger of Demand {spect, *Rage Dex+4} hits Joseph.
Joseph hits you with a +1 spectral quarterstaff!
The +1 spectral quarterstaff hits you!
Joseph says, "You must be punished!
Or...
I want to punish you!"
Joseph hits you with a +1 spectral quarterstaff!
The +1 spectral quarterstaff completely misses you.
You hit Joseph but do no damage.
Joseph is moderately wounded.
Your +3 dagger of Demand {spect, *Rage Dex+4} hits Joseph.
Joseph misses you.
The +1 spectral quarterstaff completely misses you.
You hit Joseph but do no damage.
Joseph is heavily wounded.
Your +3 dagger of Demand {spect, *Rage Dex+4} hits Joseph.
The +1 spectral quarterstaff hits you. The +1 spectral quarterstaff hits you!
* * * LOW HITPOINT WARNING * * *
Joseph hits you with a +1 spectral quarterstaff.
* * * LOW HITPOINT WARNING * * *
The +1 spectral quarterstaff barely misses you.
Joseph completely misses you.
The +1 spectral quarterstaff completely misses you.
You feel much better.
Your +3 dagger of Demand {spect, *Rage Dex+4} disappears.
Joseph completely misses you. The +1 spectral quarterstaff hits you!
You hit Joseph.
Joseph is heavily wounded.
Your +3 dagger of Demand {spect, *Rage Dex+4} hits Joseph but does no damage.
The +1 spectral quarterstaff hits you!
* * * LOW HITPOINT WARNING * * *
The +1 spectral quarterstaff hits you!
* * * LOW HITPOINT WARNING * * *
Joseph hits you with a +1 spectral quarterstaff!
You die...

#### #.@. #... #...#####
###...@@..### #####
......((....# #...#####
###.......#.####...#....
#..!>...#........#....
#.......#####....)....
#.>.....# ##...#....
#.......# #...#....
######### #.<.#....
#...#....


You could see Joseph (poisoned), a +1 spectral quarterstaff and a friendly +3
dagger of Demand {spect, *Rage Dex+4}.

Vanquished Creatures
  A two-headed ogre (D:8)
  A sky beast (D:7)
  2 ice beasts
  A black bear (D:5)
  A centaur (D:7)
  2 ogres
  3 bullfrogs
  5 scorpions
  2 howler monkeys
  An orc priest (D:5)
  3 jellies (D:5)
  7 sleepcaps
  8 hounds
  A gnoll bouda (D:6)
  An iguana (D:7)
  An orc wizard (D:3)
  8 gnolls
  5 adders
  A white imp (D:6)
  3 worms
  4 dart slugs
  8 orcs
  9 endoplasms
  8 goblins
  8 hobgoblins
  7 jackals
  4 quokkas
  8 ball pythons
  3 bats
  5 frilled lizards
  4 kobolds
  13 rats
  A lurking horror (D:6)
139 creatures vanquished.

Notes
Turn   | Place    | Note
-------+----------+-------------------------------------------
     0 | D:1      | voltaire321 the Merfolk Venom Mage began the quest for the
                  | Orb.
     0 | D:1      | Reached XP level 1. HP: 13/13 MP: 3/3
   166 | D:1      | Reached XP level 2. HP: 16/20 MP: 0/5
   534 | D:1      | Reached XP level 3. HP: 24/25 MP: 0/6
   642 | D:1      | Found a faded altar of an unknown god.
   692 | D:1      | Reached skill level 1 in Fighting
  1396 | D:2      | Reached XP level 4. HP: 24/32 MP: 4/7
  2098 | D:2      | Learned a level 4 spell: Olgreb's Toxic Radiance
  2198 | D:3      | Reached skill level 1 in Armour
  2207 | D:3      | Reached XP level 5. HP: 33/38 MP: 1/9
  2561 | D:3      | Noticed Sigmund
  3023 | D:4      | Reached XP level 6. HP: 39/45 MP: 6/10
  3158 | D:4      | Found Xannoonn's Distillery.
  3171 | D:4      | Bought 2 potions of might for 80 gold pieces
  3171 | D:4      | Bought a potion of heal wounds for 50 gold pieces
  3251 | D:4      | Reached XP level 7. HP: 10/52 MP: 5/12
  3649 | D:5      | Entered Level 5 of the Dungeon
  3678 | D:5      | Reached skill level 5 in Dodging
  3788 | D:5      | Reached skill level 5 in Poison Magic
  3969 | D:5      | Reached XP level 8. HP: 39/60 MP: 11/14
  4232 | D:5      | Identified the +3 dagger of Demand {spect, *Rage Dex+4}
  4842 | D:6      | Found a staircase to the Ecumenical Temple.
  4873 | Temple   | Entered the Ecumenical Temple
  4966 | Temple   | Became a worshipper of the Wu Jian Council
  5176 | D:6      | Found a shimmering altar of Xom.
  5177 | D:6      | Found a radiant altar of Vehumet.
  5253 | D:6      | Found a one-way gate to the infinite horrors of the Abyss.
  5258 | D:6      | Found a corrupted altar of Lugonu.
  5613 | D:6      | Found a shimmering blue altar of Sif Muna.
  5850 | D:7      | Reached skill level 5 in Fighting
  5853 | D:7      | Reached XP level 9. HP: 68/68 MP: 16/16
  5964 | D:7      | Reached skill level 5 in Spellcasting
  6662 | D:8      | Noticed a two-headed ogre
  6673 | D:8      | Killed a two-headed ogre
  6717 | D:8      | Noticed Joseph
  6730 | D:8      | HP: 3/69 [+1 spectral quarterstaff[Joseph] (7)]
  6730 | D:8      | Mangled by Joseph

Illustrated notes

Levels and vault maps discovered:
D:1:      giann_wishing_wells, layout_loops_ring,
          shapermc_ecumenical_altar_totnotflames,
          hangedman_abyss_or_decor_lesser_grid, minmay_pentomino_p2
D:2:      layout_loops_cross, chequers_mini_garden
D:3:      layout_loops_ring, uniq_sigmund
D:4:      layout_basic, serial_shops, shop
D:5:      dreamdust_elfheim, layout_loops_cross, chequers_garden,
          hangedman_decor_points, reono_crystal_passage,
          minmay_fractal_squares_5
D:6:      layout_loops_ring, nicolae_overflow_two_pavilions,
          lemuel_blue_sif_altar, minmay_temple_entry_arrows, chequers_jeans,
          amcnicky_altar_lugonu_corruption
D:7:      layout_basic
D:8:      minmay_bloctagon_deflated, layout_rooms, hellmonk_bongcloud_opening,
          minmay_misc_feat_doors, fungi_pond_lemuel, lightli_church_of_beogh,
          uniq_joseph
Temple:   nicolae_temple_bog_church

Skill      XL: |  1  2  3  4  5  6  7  8  9 |
---------------+----------------------------+-----
Dodging        | 3 4 5 6 7 |  7.8
Transmutations | 2 |  2.0
Fighting       | 1 2 3 5 6 |  6.0
Armour         | 1 2 3 4 |  4.1
Spellcasting   | 3 4 5 |  5.5
Poison Magic   | 4 5 6 7 |  7.0
Stealth        | |  2.1

Action                     |  1- 3 |  4- 6 |  7- 9 || total
---------------------------+-------+-------+-------++-------
  Melee: Dagger            |    48 |   108 |   236 ||   392
         Unarmed           |     2 |       |       ||     2
         Punch             |       |     1 |     2 ||     3
         Tailslap          |       |       |     2 ||     2
   Cast: Sting             |    53 |    58 |    72 ||   183
         Olgreb's Toxic Ra |       |       |     2 ||     2
Ability: Lunge             |       |       |     7 ||     7
    Use: Scroll            |       |     7 |     7 ||    14
         Potion            |       |     1 |     1 ||     2
   Stab: Sleeping          |       |     2 |     2 ||     4
         Distracted        |       |       |     2 ||     2
 Armour: Robe              |    10 |    16 |     1 ||    27
         Leather armour    |       |       |    30 ||    30
  Dodge: Dodged            |    38 |    80 |   245 ||   363

Table legend: (Time is in decaauts)
 A = Elapsed time spent in this place.
 B = Non-inter-level travel time spent in this place.
 C = Inter-level travel time spent in this place.
 D = Time resting spent in this place.
 E = Time spent auto-exploring this place.
 F = Levels seen in this place.
 G = Mean time per level.
                   A        B        C        D        E       F      G
               +--------+--------+--------+--------+--------+-----+--------+
         Total |   6825 |   6497 |    328 |    824 |   3721 |   9 |  758.3 |
       Dungeon |   6696 |   6403 |    293 |    824 |   3663 |   8 |  837.0 |
        Temple |    128 |     94 |     34 |      0 |     58 |   1 |  128.0 |
               +--------+--------+--------+--------+--------+-----+--------+

Top non-repeatable levels by time:
     D:1: 1181 daAuts
     D:5: 1170 daAuts
     D:2: 951 daAuts
     D:6: 891 daAuts
     D:7: 886 daAuts
     D:3: 786 daAuts
     D:4: 747 daAuts
  Temple: 128 daAuts
     D:8: 82 daAuts
